 Dungeon Crawl Stone Soup version 0.31-a0-548-ga7f35e1 (webtiles) character file.

Game seed: 10534313743352339419

12626517 Wizard1ke the Elven Blade (level 27, 196/196 HPs)
             Began as a Deep Elf Warper on Aug 15, 2023.
             Was the Champion of the Shining One.
             Escaped with the Orb
             ... and 15 runes on Aug 16, 2023!
             The game lasted 05:07:23 (127139 turns).

Wizard1ke the Elven Blade (Deep Elf Warper)       Turns: 127139, Time: 05:07:24

Health: 196/196    AC: 21    Str: 12    XL:     27
Magic:  64/64      EV: 41    Int: 25    God:    the Shining One [******]
Gold:   10538      SH:  0    Dex: 36    Spells: 44/78 levels left

rFire   + . .        U - +9 triple sword (holy)
rCold   + . .        (shield currently unavailable)
rNeg    + + +        Y - +4 ring mail of the True Pharaoh {rPois Will+ Int-4 Dex+3}
rPois   +            L - -1 hat of Okawaru's Inspiration {rElec Str+5 Dex+3 Stlth-}
rElec   +            i - scarf {rC+ rF+}
rCorr   +            f - +0 pair of gloves of Sugh {Contam rCorr MP+9 Int+2}
SInv    +            I - +3 pair of boots of the Monkey's Uncle {Rampage SInv Stlth+}
Will    +++..        x - amulet of Kigaxeg {RegenMP rCorr}
Stlth   +            w - ring of Xom's Fair Game {Drain AC+4 Dex+3 Slay+5}
HPRegen 0.52/turn    D - +6 ring of dexterity
MPRegen 0.79/turn

%: rampage
@: glowing, studying 3 skills
A: clever 1, clumsy 1, subdued magic 1, MP-powered wands
0: Orb of Zot
}: 15/15 runes: decaying, slimy, silver, golden, iron, obsidian, icy, bone,
abyssal, demonic, glowing, magical, fiery, dark, gossamer
a: Renounce Religion, Divine Shield, Cleansing Flame, Summon Divine Warrior,
Brand Weapon With Holy Wrath


You escaped.
You worshipped the Shining One.
The Shining One was exalted by your worship.
You visited 18 branches of the dungeon, and saw 88 of its levels.
You visited Pandemonium 1 time, and saw 12 of its levels.
You visited the Abyss 3 times.
You visited 1 ziggurat, and saw 1 of its levels.
You also visited: Bailey and Ice Cave.

You collected 14411 gold pieces.
You spent 3873 gold pieces at shops.

Inventory:

Hand Weapons
 U - a +9 triple sword of holy wrath (weapon)
 V - a +8 heavy triple sword
Missiles
 Q - 6 curare-tipped darts
Armour
 d - the +0 leather armour of Taogh {rElec rPois rF+++ Dex-3}
   (You took it off a deep elf demonologist on level 3 of the Elven Halls)

   Dex-3:     It affects your dexterity (-3).
   rF+++:     It renders you almost immune to fire.
   rElec:     It insulates you from electricity.
   rPois:     It protects you from poison
 f - the +0 pair of gloves of Sugh (worn) {Contam rCorr MP+9 Int+2}
   (You bought it in a shop on level 2 of the Orcish Mines)

   Int+2:     It affects your intelligence (+2).
   MP+9:      It affects your magic capacity (+9).
   Contam:    It causes magical contamination when unequipped.
   rCorr:     It protects you from acid and corrosion.
 i - a scarf of resistance (worn)
 I - the +3 pair of boots of the Monkey's Uncle (worn) {Rampage SInv Stlth+}
   (You found it on level 4 of the Spider Nest)

   SInv:      It lets you see invisible.
   Rampage:   It bestows one free step when moving towards enemies.
   Stlth+:    It makes you more stealthy.
 L - the -1 hat of Okawaru's Inspiration (worn) {rElec Str+5 Dex+3 Stlth-}
   (Okawaru gifted it to you on level 5 of the Vaults)

   Str+5:     It affects your strength (+5).
   Dex+3:     It affects your dexterity (+3).
   rElec:     It insulates you from electricity.
   Stlth-:    It makes you less stealthy.
 X - the +0 cloak of Hopscotch {rC++}
   (Okawaru gifted it to you on level 1 of the Swamp)

   rC++:      It greatly protects you from cold.
 Y - the +4 ring mail of the True Pharaoh (worn) {rPois Will+ Int-4 Dex+3}
   (You bought it in a shop on level 2 of the Orcish Mines)

   Int-4:     It affects your intelligence (-4).
   Dex+3:     It affects your dexterity (+3).
   rPois:     It protects you from poison Will+: It increases your willpower.
Jewellery
 m - the ring "Forayrphe" {rC+ MP+9}
   (You took it off an efreet in Pandemonium)

   [ring of protection from cold]

   rC+:       It protects you from cold.
   MP+9:      It affects your magic capacity (+9).
 r - the ring of Woimmuhi {Wiz rPois Will+ Str+3}
   (You found it on level 7 of Tartarus)

   [ring of wizardry]

   Wiz:       It improves your spell success rate.
   Str+3:     It affects your strength (+3).
   rPois:     It protects you from poison Will+: It increases your willpower.
 w - the ring of Xom's Fair Game (left hand) {Drain AC+4 Dex+3 Slay+5}
   (You took it off an orc on level 4 of the Dungeon)

   [ring of protection]

   AC+4:      It affects your AC (+4).
   Dex+3:     It affects your dexterity (+3).
   Slay+5:    It affects your accuracy & damage with ranged weapons and melee
   (+5).
   Drain:     It drains your maximum health when unequipped.
 x - the amulet of Kigaxeg (around neck) {RegenMP rCorr}
   (You found it on level 2 of the Vaults)

   [amulet of magic regeneration]

   RegenMP:   It increases your rate of magic regeneration.
   rCorr:     It protects you from acid and corrosion.
 D - a +6 ring of dexterity (right hand)
 H - the ring "Osiqasch" {rF+ rN+ Str+5 SInv}
   (You found it on level 3 of the Tomb of the Ancients)

   [ring of see invisible]

   Str+5:     It affects your strength (+5).
   rF+:       It protects you from fire.
   rN+:       It protects you from negative energy.
   SInv:      It lets you see invisible.
 T - the ring "Iveg" {Fly rElec rC+ Str+3 Dex-2}
   (You took it off a deep elf demonologist on level 3 of the Elven Halls)

   [ring of flight]

   Str+3:     It affects your strength (+3).
   Dex-2:     It affects your dexterity (-2).
   rC+:       It protects you from cold.
   rElec:     It insulates you from electricity.
   Fly:       It grants you flight.
Wands
 o - a wand of roots (57)
 v - a wand of paralysis (102)
 A - a wand of quicksilver (63)
 F - a wand of mindburst (45)
 G - a wand of digging (11)
 Z - a wand of polymorph (6)
Scrolls
 a - 6 scrolls of vulnerability
 b - 13 scrolls of fear
 c - 10 scrolls of blinking
 g - 14 scrolls of poison
 h - 3 scrolls of revelation
 n - 6 scrolls of teleportation
 u - 4 scrolls of immolation
 y - 13 scrolls of fog
 C - 3 scrolls of silence {!r}
 K - 4 scrolls of butterflies
 S - a scroll of enchant armour
Potions
 e - 8 potions of lignification
 k - 2 potions of magic
 l - 5 potions of resistance
 p - 8 potions of heal wounds
 s - 13 potions of curing
 t - 7 potions of might
 z - 7 potions of berserk rage {!q}
 B - a potion of mutation
 E - 3 potions of brilliance
 J - 8 potions of attraction
 M - 6 potions of cancellation
 N - 10 potions of haste
 O - 7 potions of ambrosia
 R - 13 potions of enlightenment
Miscellaneous
 j - a phial of floods
 q - a phantom mirror
 P - a lightning rod (4/4)
 W - a sack of spiders


   Skills:
 - Level 26.0 Fighting
 - Level 26.5 Long Blades
 - Level 1.0 Throwing
 - Level 15.0 Armour
 - Level 26.0 Dodging
 - Level 26.0 Spellcasting
 - Level 12.1 Hexes
 + Level 17.3 Translocations
 - Level 10.0 Transmutations
 - Level 4.0 Air Magic
 - Level 26.0 Earth Magic
 - Level 26.0 Invocations
 - Level 5.0 Evocations


You had 44 spell levels left.
You knew the following spells:

 Your Spells              Type           Power      Damage    Failure   Level
a - Blink                 Tloc           100%       N/A       0%          2
b - Lesser Beckoning      Tloc           100%       N/A       0%          2
c - Vhi's Electric Charg  Tloc/Air       100%       N/A       1%          3
d - Manifold Assault      Tloc           75%        N/A       0%          4
e - Dispersal             Tloc           37%        N/A       1%          6
f - Apportation           Tloc           100%       N/A       0%          1
g - Passwall              Tmut/Erth      63%        N/A       0%          2
h - Yara's Violent Unrav  Hex/Tmut       30%        3d13      1%          5
i - Shatter               Erth           45%        3d35*     2%          9

Your spell library contained the following spells:

 Spells                   Type           Power      Damage    Failure   Level
 Sandblast                Erth           100%       2d20      0%          1
 Confusing Touch          Hex            64%        N/A       0%          3
 Portal Projectile        Hex/Tloc       100%       N/A       0%          3
 Stone Arrow              Conj/Erth      100%       3d13      0%          3
 Teleport Other           Tloc           75%        N/A       0%          3
 Tukima's Dance           Hex            64%        N/A       0%          3
 Leda's Liquefaction      Hex/Erth       39%        N/A       0%          4
 Passage of Golubria      Tloc           75%        N/A       0%          4
 Petrify                  Tmut/Erth      76%        N/A       0%          4
 Lee's Rapid Deconstruct  Erth           45%        3d22*     0%          5
 Foxfire                  Conj/Fire      100%       2x1d9     1%          1
 Freeze                   Ice            100%       1d10      1%          1
 Kiss of Death            Conj/Necr      100%       2d13      1%          1
 Magic Dart               Conj           100%       1d8       1%          1
 Necrotise                Necr           100%       1d9       1%          1
 Sting                    Tmut/Pois      100%       1d8       1%          1
 Summon Small Mammal      Summ           100%       N/A       1%          1
 Call Imp                 Summ           50%        N/A       1%          2
 Cigotuvi's Dreadful Rot  Necr/Pois/Air  60%        N/A       1%          2
 Momentum Strike          Conj/Tloc      100%       3d10      1%          2
 Poisonous Vapours        Pois/Air       64%        N/A       1%          2
 Scorch                   Fire           50%        2d7       1%          2
 Searing Ray              Conj           50%        2d6       1%          2
 Static Discharge         Conj/Air       64%        2-5/arc   1%          2
 Sublimation of Blood     Necr           25%        N/A       1%          2
 Dazzling Flash           Conj/Hex       96%        N/A       1%          3
 Ignite Poison            Fire/Tmut/Pois 37%        N/A       1%          3
 Inner Flame              Hex/Fire       48%        N/A       1%          3
 Summon Guardian Golem    Hex/Summ       48%        N/A       1%          3
 Swiftness                Air            40%        N/A       1%          3
 Volatile Blastmotes      Fire/Tloc      100%       2d18      1%          3
 Animate Armour           Summ/Erth      100%       N/A       1%          4
 Cause Fear               Hex            32%        N/A       1%          4
 Fulminant Prism          Conj/Hex       24%        3d12      1%          4
 Iskenderun's Mystic Bla  Conj/Tloc      55%        2d12      1%          4
 Borgnjor's Vile Clutch   Necr/Erth      33%        N/A       1%          5
 Silence                  Hex/Air        27%        N/A       1%          5
 Summon Forest            Summ/Tloc      27%        N/A       1%          5
 Leda's Unmaking          Conj/Erth      33%        9d6       1%          6
 Mephitic Cloud           Conj/Pois/Air  30%        N/A       2%          3
 Airstrike                Air            20%        2d(3-19)  2%          4
 Metabolic Englaciation   Hex/Ice        24%        N/A       2%          5
 Call Canine Familiar     Summ           25%        N/A       3%          3
 Frozen Ramparts          Ice            50%        1d8       3%          3
 Hailstorm                Conj/Ice       25%        3d7       3%          3
 Ozocubu's Armour         Ice            25%        N/A       3%          3
 Vampiric Draining        Necr           25%        2d7       3%          3
 Alistair's Intoxication  Tmut/Pois      29%        N/A       4%          5
 Irradiate                Conj/Tmut      22%        3d19      4%          5
 Summon Lightning Spire   Summ/Air       32%        N/A       5%          4
 Disjunction              Tloc           37%        N/A       7%          8
 Enfeeble                 Hex            32%        N/A       8%          7
 Animate Dead             Necr           25%        N/A       13%         4
 Flame Wave               Conj/Fire      25%        2d8       13%         4
 Olgreb's Toxic Radiance  Pois           25%        N/A       13%         4
 Sticky Flame             Conj/Fire      25%        2d5       13%         4
 Summon Ice Beast         Ice/Summ       25%        N/A       13%         4
 Arcjolt                  Conj/Air       16%        1d26      17%         5
 Freezing Cloud           Conj/Ice/Air   15%        6-21      22%         5
 Eringya's Noxious Bog    Tmut/Pois      22%        4d6       28%         6
 Agony                    Necr           25%        N/A       36%         5
 Fireball                 Conj/Fire      12%        3d7       36%         5
 Iskenderun's Battlesphe  Conj           25%        2d8       36%         5
 Lehudib's Crystal Spear  Conj/Erth      33%        10d8      41%         8
 Plasma Beam              Fire/Air       16%        2x1d27    69%         6
 Simulacrum               Ice/Necr       12%        N/A       92%         6
 Starburst                Conj/Fire      12%        6d5       92%         6
 Summon Cactus Giant      Summ           12%        N/A       92%         6
 Haunt                    Necr/Summ      12%        N/A       100%        7
 Orb of Destruction       Conj           12%        9d7       100%        7
 Ozocubu's Refrigeration  Ice            12%        4d10      100%        7
 Spellforged Servitor     Conj/Summ      12%        N/A       100%        7
 Summon Hydra             Summ           12%        N/A       100%        7
 Ignition                 Fire           12%        3d6       100%        8
 Maxwell's Capacitive Co  Air            20%        ∞         100%        8
 Summon Horrible Things   Summ           12%        N/A       100%        8
 Dragon's Call            Summ           12%        N/A       100%        9
 Polar Vortex             Ice            12%        12d1*     100%        9


Dungeon Overview and Level Annotations

Branches:
Dungeon (15/15)            Temple (1/1) D:7            Lair (5/5) D:10
  Swamp (4/4) Lair:3       Spider (4/4) Lair:2        Slime (5/5) Lair:4
    Orc (2/2) D:12            Elf (3/3) Orc:2        Vaults (5/5) D:14
  Crypt (3/3) Vaults:3       Tomb (3/3) Crypt:3      Depths (4/4) D:15
   Hell (visited)             Dis (7/7) Hell            Geh (7/7) Hell
    Coc (7/7) Hell            Tar (7/7) Hell            Zot (5/5) Depths:4
 Bailey (visited)           IceCv (visited)

Altars:
Ashenzari
Cheibriados
Dithmenos
Elyvilon
Fedhas
Gozag
Hepliaklqana
Kikubaaqudgha
Makhleb
Nemelex Xobeh
Okawaru
Qazlal
Ru
Sif Muna
Trog
Uskayaw
Vehumet
Wu Jian
Xom
Yredelemnul
Zin
The Shining One
Jiyva
Lugonu

Shops:
D:6 (   D:8 [   D:12 ?   Orc:2 !:![   Elf:2 :   Vaults:1 [[[[?   Vaults:3 !!
Vaults:4 [   Depths:3 ::=

Portals:
Hell: Depths:1 Depths:2 Depths:3 Depths:4
Abyss: Depths:2 Depths:3 Depths:4
Pandemonium: Depths:2
Ziggurat: Depths:1

Annotations:
D:4 exclusions: orc priest and orc warrior
D:12 Lom Lobon
Swamp:4 1 runed translucent door, exclusion: door, NoWhammies's ghost, adept GnNe
Spider:3 Roxanne
Vaults:5 !vaults warning
Depths:1 3 runed translucent doors, exclusion: 3 doors
Depths:2 exclusion: downstairs


Innate Abilities, Weirdness & Mutations

Your mind is acute. (Int +4, Str/Dex -1)
You are clumsy. (Dex -2)
Your spells are a little easier to cast, but a little less powerful.
You expend magic power (3 MP) to strengthen your wands.


Message History

a +0 robe; a +0 whip of flaming Magic restored.
A seraph, a cherub and a daeva come into view.
The seraph is wielding a +6 great sword of flaming.
The cherub is wielding a +2 scimitar of flaming.
The daeva is wielding a +5 scimitar of holy wrath.
There is a stone staircase leading up here.
The daeva shouts!
The seraph moves out of view.
The cherub moves out of view.
The cherub's eagle head screeches!
The cherub sings a powerful hymn!
The daeva goes into a battle-frenzy!
There is a stone staircase leading up here.
The daeva calls down the wrath of the Shining One upon you.
The Shining One smites you!
The seraph gestures.
The seraph begins to accept its allies' injuries.
The cherub unwields a +2 scimitar of flaming.
It stops flaming.
The cherub wields a +0 shortbow.
The cherub shoots an arrow.
The arrow hits you.
You climb upwards.
Level annotation: exclusions: orc priest and orc warrior
There is a stone staircase leading down here.
(D) Dungeon (T) Temple (L) Lair (S) Swamp (N) Spider Nest (M) Slime Pits (O) Orcish Mines (E) Elven Halls (V) Vaults (C) Crypt (W) Tomb (U) Depths (H) Hell (I) Dis (G) Gehenna (X) Cocytus (Y) Tartarus (Z) Zot
Where to? (Tab/Enter - D:1, ? - help)
What level of the Dungeon? (default 1, ? - help)
There is a stone staircase leading up here.
You climb upwards.
There is a stone staircase leading down here.
HP restored.
There is a stone staircase leading up here.
You climb upwards.
There is a stone staircase leading down here.
There is a stone staircase leading up here.
You climb upwards.
There is a stone staircase leading down here.
There is a staircase leading out of the dungeon here.
You have escaped!

..##..)..###
###..###............
###........# #...##
#...........# #.......)# #÷###
######'#..... #........#
#.#.#♣♣♣♣♣#.#.#....#
#.....†..###.............#....#
#####)#...##..♣..♣.♣..♣..#....#
#..........#~#♣♣..~..♣♣#≈#....#
#..........#≈#P♣.~~~.♣P#≈#....#
#.........)#≈#@..~8≈..>#≈#....#
#..........#≈#P♣.~≈~.♣P#≈#.....
#..........#≈#♣♣..~..♣♣#≈##....
#..........#..♣..♣.♣..♣..####..
#..........#.............# #.#
#..........#.#.#♣♣♣♣♣#.#.####.#
###.......##'### ###'##...#
#..........# #....###
############ ######


There were no monsters in sight!

Vanquished Creatures
  Cerebov (Pan)
  Antaeus (Coc:7)
  Asmodeus (Geh:7)
  Dissolution (Slime:3)
  the Royal Jelly (Slime:5)
  Ereshkigal (Tar:7)
  Mnoleg (Pan)
  12 dread liches
  4 pandemonium lords
  4 orbs of fire
  Mara (Spider:3)
  Mennas (Pan)
  10 ancient liches
  2 juggernauts
  14 royal mummies
  Vv (Crypt:3)
  Saint Roka (Depths:1)
  6 Killer Klowns
  12 shard shrikes
  Bai Suzhen (Depths:1)
  22 caustic shrikes
  3 curse toes (Zot:4)
  Geryon (Hell)
  12 golden dragons
  3 profane servitors
  15 bone dragons
  Arachne (Spider:3)
  8 Brimstone Fiends
  14 doom hounds
  6 Tzitzimimeh
  An electric golem (Zot:5)
  11 iron giants
  23 Ice Fiends
  Grunn (Depths:3)
  25 tentacled monstrosities
  6 hellephants
  25 Hell Sentinels
  10 liches
  21 Orb Guardians
  10 tainted leviathans
  12 deep elf blademasters
  6 deep elf master archers
  19 titans
  12 quicksilver dragons
  2 walking divine tomes (Depths:2)
  14 death cobs
  15 sphinxes
  15 searing wretches
  10 shadow dragons
  8 tentacled starspawn
  21 acid blobs
  34 ancient champions
  22 Executioners
  Frances (Spider:1)
  6 draconian monks
  Gastronok (Lair:1)
  Kirke (Spider:3)
  4 thorn hunters
  Aizul (Swamp:1)
  4 tengu reavers
  3 revenants
  21 storm dragons
  10 azure jellies
  5 demonspawn warmongers (Pan)
  9 draconian knights
  7 rockslimes
  2 daevas
  A fenstrider witch (Swamp:4)
  9 ghost moths
  19 vault wardens
  29 fire giants
  40 balrugs
  29 frost giants
  16 quicksilver elementals
  5 deep elf sorcerers
  12 narguns
  A spectral juggernaut (Tar:5)
  4 iron dragons
  8 deep elf elementalists
  8 draconian shifters
  An emperor scorpion (Spider:4)
  Louise (Spider:3)
  7 draconian scorchers
  4 shard shrike simulacra
  A spriggan defender (Depths:2)
  4 curse skulls
  2 demonspawn corrupters (Pan)
  3 demonspawn blood saints (Pan)
  20 ironbound preservers
  An orc warlord (Vaults:4)
  10 broodmothers
  22 very ugly things
  4 ghouls
  10 draconian annihilators
  14 cacodemons (Pan)
  A juggernaut skeleton (Abyss:3)
  5 ironbound thunderhulks
  4 draconian stormcallers
  9 quicksilver oozes
  A caustic shrike skeleton (Crypt:3)
  7 formless jellyfish
  17 reapers
  22 stone giants
  22 elemental wellsprings
  9 vampire knights
  28 war gargoyles
  14 green draconians
  23 black draconians
  15 deep elf annihilators
  8 dire elephants
  11 putrid mouths
  5 eleionomae
  10 deep elf demonologists
  6 bennus (Tomb:2)
  12 lorocyprocas
  12 wendigos
  A demonspawn black sun (Pan)
  23 starcursed masses
  12 yellow draconians
  15 purple draconians
  27 white draconians
  6 bunyips
  A spectral titan (Tar:5)
  3 spark wasps
  25 red draconians
  A crystal guardian (Vaults:3)
  8 eidola
  19 ettins
  24 iron golems
  13 green deaths (Pan)
  11 deep elf death magi
  10 entropy weavers
  A quicksilver dragon zombie (Hell)
  13 yaktaur captains
  4 jiangshi (Crypt:2)
  16 blizzard demons
  2 merfolk javelineers
  A spectral iron giant (Tar:2)
  A shambling mangrove (Swamp:1)
  6 deep elf high priests
  11 great orbs of eyes
  Fannar (Lair:2)
  11 fire dragons
  A kraken zombie (Hell)
  20 mummy priests
  9 caustic shrike simulacra
  7 rakshasas
  44 vault guards
  An anaconda (shapeshifter) (Elf:2)
  A peacekeeper (Vaults:3)
  2 ghost crabs
  6 ogre magi
  3 hell beasts
  18 hydras
  A merfolk avatar (Lair:5)
  7 juggernaut simulacra
  9 salamander tyrants
  10 centaur warriors
  2 fenstrider witch skeletons
  10 ice dragons
  7 ironbound frosthearts
  A catoblepas (D:14)
  6 spriggan air magi
  A jorogumo (Spider:1)
  2 radroaches
  7 boulder beetles
  A death knight (Vaults:3)
  11 alligators
  11 stokers
  40 dancing weapons
  3 deep troll shamans
  3 two-headed ogres
  6 orc high priests
  6 tengu warriors
  5 deep troll earth magi
  21 hell hogs
  An Orb Guardian skeleton (Crypt:2)
  A bennu skeleton (Crypt:2)
  3 thrashing horrors (Abyss:4)
  7 vampire magi
  70 death scarabs
  6 demonic crawlers
  33 deep elf knights
  A titan zombie (Depths:1)
  30 soul eaters
  A fire crab (Abyss:4)
  15 hell knights
  A spectral naga (Tar:7)
  9 crystal echidnas
  A shock serpent (shapeshifter) (Vaults:5)
  2 spriggan berserkers
  52 sun demons
  A storm dragon zombie (Vaults:5)
  14 sixfirhies
  24 skeletal warriors
  9 wretched stars
  A titan skeleton (Pan)
  5 iron trolls
  14 shadow wraiths
  2 skysharks (Lair:5)
  A storm dragon skeleton (Pan)
  12 pharaoh ants
  5 goliath frogs
  43 large abominations
  10 orb spiders
  5 death drakes
  A deep troll (shapeshifter) (Depths:2)
  A sea snake (Lair:5)
  3 shadow demons
  40 deep trolls
  A sun moth (Spider:4)
  An iron giant skeleton (Tomb:3)
  6 quicksilver dragon simulacra
  7 glowing orange brains
  10 swamp dragons
  17 wizards
  7 spriggan druids
  4 steelbarb worms
  20 deep elf archers
  Pikel (D:5)
  13 phantasmal warriors
  5 flayed ghosts
  A bunyip skeleton (Crypt:3)
  10 bog bodies
  10 lindwurms
  6 spriggan simulacra
  19 necromancers
  6 orc knights
  20 ironbound convokers
  9 harpies
  32 deep elf pyromancers
  2 shadow dragon skeletons
  11 spectral spriggans
  30 wolf spiders
  44 deep elf zephyrmancers
  3 stone giant zombies
  6 orc sorcerers
  7 cyclopes
  5 will-o-the-wisps
  41 ugly things
  A salamander (shapeshifter) (Vaults:5)
  A spectral ettin (Tar:1)
  An oklob plant (D:10)
  4 shining eyes
  6 elephants
  4 titan simulacra
  A frost giant skeleton (Depths:1)
  5 manticores
  26 moths of wrath
  A shock serpent zombie (Crypt:1)
  5 black mambas
  8 rust devils
  2 dire elephant zombies (Crypt:3)
  2 centaur skeletons
  3 centaur zombies
  3 torpor snails
  3 apocalypse crabs
  6 eyes of devastation
  10 vault sentinels
  3 ice statues (IceCv)
  7 molten gargoyles (Geh:7)
  The ghost of cowcow the Cudgeller, a novice DsGl of Ashenzari (D:5)
  An alligator snapping turtle zombie (Crypt:1)
  15 cane toads
  14 orange demons (Pan)
  A fire giant skeleton (Crypt:1)
  5 gargoyles
  2 sea snake zombies (Hell)
  3 human zombies
  48 smoke demons
  20 hellions
  22 yaktaurs
  13 freezing wraiths
  A dire elephant skeleton (Pan)
  An elf skeleton (Vaults:5)
  8 unseen horrors
  3 kobold demonologists
  2 rime drakes (Lair:5)
  A rime drake (shapeshifter) (D:13)
  14 komodo dragons
  6 efreet
  3 bunyip simulacra
  A grey draconian skeleton (Crypt:2)
  2 yaktaur skeletons (Vaults:3)
  17 tormentors
  5 anaconda simulacra
  2 golden dragon simulacra (Coc:7)
  3 tengu conjurers
  4 ancient zymes
  7 red devils
  A red draconian skeleton (Crypt:1)
  2 ice devils
  4 polar bears
  3 spectral harpies
  5 bloated husks
  2 hydra zombies
  15 wind drakes
  51 guardian mummies
  6 tyrant leeches
  7 trolls
  5 iron giant simulacra
  20 hornets
  11 meliai
  A queen bee (Abyss:4)
  20 hellwings (Pan)
  An iron troll skeleton (Crypt:1)
  2 ettin zombies
  A snapping turtle (Lair:5)
  An iron dragon simulacrum (Coc:4)
  3 harpy skeletons
  A hydra skeleton (Hell)
  14 raiju
  A satyr zombie (Crypt:1)
  A slime creature (shapeshifter) (Depths:1)
  42 tarantellas
  15 blink frogs
  A centaur simulacrum (Coc:1)
  3 spriggan zombies
  33 jumping spiders
  2 stone giant simulacra
  12 air elementals
  35 culicivoras
  7 shadows
  A spriggan (shapeshifter) (Abyss:2)
  An ice dragon skeleton (Crypt:2)
  86 slime creatures
  18 ushabtiu
  A spectral black mamba (Tar:1)
  A guardian serpent skeleton (Crypt:2)
  30 flying skulls
  17 spriggans
  4 wyverns
  An ettin skeleton (Abyss:2)
  11 wraiths
  6 dire elephant simulacra
  11 water elementals
  5 fire elementals
  4 naga simulacra
  A black mamba skeleton (Crypt:3)
  3 spriggan skeletons
  42 yaks
  22 ynoxinuls
  5 basilisks
  A death yak simulacrum (IceCv)
  16 chaos spawn
  8 golden eyes
  7 hogs (Spider:3)
  43 redbacks
  6 vampire mosquitoes
  18 humans (D:14)
  2 steam dragons (Lair:5)
  A catoblepas simulacrum (Tomb:2)
  A human simulacrum (Vaults:3)
  14 neqoxecs
  An alligator snapping turtle simulacrum (Coc:3)
  19 swamp worms
  3 wargs
  19 harpy simulacra
  2 acid dragons (D:11)
  5 hydra simulacra
  5 floating eyes
  A cane toad zombie (Crypt:1)
  12 water moccasins
  A naga skeleton (Pan)
  12 small abominations
  3 sky beasts
  3 black bears
  30 orc warriors
  An alligator simulacrum (Hell)
  4 ettin simulacra
  4 boggarts (D:14)
  14 swamp drakes
  4 ogres
  6 wolves (Lair:3)
  A snapping turtle skeleton (Crypt:2)
  A swamp dragon zombie (Crypt:2)
  17 centaurs
  A lemure (D:5)
  5 phantoms
  Blork the orc (D:5)
  9 kobold brigands
  2 elf zombies (Elf:1)
  A demonspawn simulacrum (Abyss:2)
  3 earth elementals
  4 gnoll sergeants
  6 scorpions
  6 bullfrogs
  A cane toad simulacrum (IceCv)
  7 wights
  2 tengu zombies (D:15)
  14 killer bees
  7 howler monkeys
  A crimson imp (D:10)
  4 hounds
  A quasit (Abyss:4)
  3 iron imps
  6 jellies
  23 orc priests
  A basilisk zombie (Crypt:1)
  2 gnoll boudas (D:5)
  2 sleepcaps
  An iguana (D:6)
  19 orc wizards
  12 hell rats
  2 polar bear simulacra (IceCv)
  A wolf simulacrum (IceCv)
  71 mummies
  22 gnolls
  8 adders
  2 shadow imps
  5 white imps
  An ufetubus (Abyss:2)
  An adder skeleton (Crypt:1)
  A worm (D:3)
  75 orcs
  11 endoplasms
  7 giant cockroaches
  15 goblins
  7 hobgoblins
  4 jackals (D:1)
  32 kobolds
  3 quokkas
  6 ball pythons
  A ball python zombie (Crypt:1)
  8 bats
  5 frilled lizards
  10 rats
  A butterfly (Lair:2)
  2 creeping infernos
  2 lurking horrors
  5 starspawn tentacles
  A tentacle (Hell)
4074 creatures vanquished.

Vanquished Creatures (collateral kills)
  Gloorx Vloq (Pan)
  the Serpent of Hell (Tar:7)
  Dispater (Dis:7)
  2 bone dragons (Tar:7)
  2 Tzitzimimeh (Tar:7)
  A tainted leviathan (Tar:7)
  An Executioner (Pan)
  A spectral caustic shrike (Tar:7)
  A curse skull (Pan)
  A soul eater (Pan)
12 creatures vanquished.

Vanquished Creatures (others)
  2 eldritch tentacles (Pan)
  A frost giant (Pan)
  A deep elf annihilator (D:12)
  An iron golem (Dis:2)
  A rakshasa (D:12)
  A spriggan air mage (D:12)
  A bog body (Swamp:1)
  A wizard (D:12)
  A spriggan simulacrum (Coc:5)
  A bloated husk (Swamp:4)
  2 wind drakes (Pan)
  A hellwing (Pan)
  An air elemental (Elf:3)
  A water elemental (Elf:3)
  A small abomination (Abyss:4)
  A dire elephant simulacrum (Coc:7)
  2 chaos spawn
  A starcursed mass (Abyss:4)
  A hell rat (Hell)
  4 ball lightnings (Pan)
  4 foxfires (Swamp:4)
  2 lurking horrors (Abyss:4)
  11 starspawn tentacles
  3 tentacles (Hell)
46 creatures vanquished.

Grand Total: 4132 creatures vanquished

Notes
Turn   | Place    | Note
-------+----------+-------------------------------------------
     0 | D:1      | Wizard1ke the Deep Elf Warper began the quest for the Orb.
     0 | D:1      | Reached XP level 1. HP: 12/12 MP: 6/6
   105 | D:1      | Reached XP level 2. HP: 15/16 MP: 8/8
   548 | D:1      | Reached XP level 3. HP: 19/20 MP: 9/9
  1538 | D:3      | Reached XP level 4. HP: 25/25 MP: 10/10
  2160 | D:2      | Learned a level 2 spell: Blink
  2163 | D:2      | Learned a level 2 spell: Lesser Beckoning
  2407 | D:4      | Noticed an orc warrior
  2435 | D:4      | Learned a level 3 spell: Vhi's Electric Charge
  2521 | D:4      | Noticed an ogre
  2684 | D:4      | Noticed a scorpion
  2698 | D:4      | Killed a scorpion
  2699 | D:4      | Reached skill level 5 in Long Blades
  2699 | D:4      | Reached XP level 5. HP: 21/30 MP: 11/11
  2916 | D:4      | Identified the ring of Xom's Fair Game {Drain AC+4 Dex+3
                  | Slay+5}
  3099 | D:4      | Noticed a phantom
  3108 | D:4      | Killed a phantom
  3109 | D:4      | Reached XP level 6. HP: 28/35 MP: 12/12
  3304 | D:5      | Entered Level 5 of the Dungeon
  3316 | D:5      | Noticed Blork the orc
  3349 | D:5      | Killed Blork the orc
  3450 | D:4      | Reached XP level 7. HP: 32/41 MP: 13/13
  3820 | D:5      | Reached skill level 5 in Dodging
  3840 | D:5      | Learned a level 4 spell: Manifold Assault
  4249 | D:5      | Reached skill level 5 in Translocations
  4451 | D:5      | Reached XP level 8. HP: 46/46 MP: 11/15
  4655 | D:5      | Found a large runed translucent door.
  4655 | D:5      | Found a large runed translucent door.
  4658 | D:5      | Noticed cowcow's ghost (novice DsGl)
  5002 | D:6      | Reached skill level 5 in Spellcasting
  5136 | D:6      | Found Ahiac's Weapon Boutique.
  5249 | D:6      | Found a broken altar of Ashenzari.
  5619 | D:6      | Found a glowing golden altar of the Shining One.
  6370 | D:6      | Noticed Pikel
  6434 | D:5      | Killed Pikel
  6435 | D:5      | Reached skill level 5 in Fighting
  6631 | D:5      | Reached XP level 9. HP: 50/54 MP: 7/18
  9190 | D:7      | Found a staircase to the Ecumenical Temple.
  9301 | Temple   | Entered the Ecumenical Temple
  9314 | Temple   | Became a worshipper of Warmaster Okawaru
  9913 | D:8      | Identified the +1 ring mail of the Ageless Eyes {*Slow
                  | rElec rPois Stlth-}
 10365 | D:8      | Found a hazy altar of Hepliaklqana.
 10382 | D:8      | Reached skill level 1 in Air Magic
 10382 | D:8      | Reached * piety under Okawaru
 10737 | D:8      | Found Ifish's Armour Emporium.
 11007 | D:8      | Reached XP level 10. HP: 58/59 MP: 14/19
 11068 | D:6      | Bought a +2 vampiric great sword for 441 gold pieces
 11372 | D:8      | Found a basalt altar of Yredelemnul.
 12177 | D:9      | Reached ** piety under Okawaru
 12208 | D:9      | Noticed a two-headed ogre
 12323 | D:9      | Found a flagged portal.
 12393 | Bailey   | Entered a bailey
 12441 | Bailey   | Noticed an orc knight
 12451 | Bailey   | Noticed an orc knight
 13826 | D:9      | Reached skill level 10 in Translocations
 14029 | D:9      | Killed a two-headed ogre
 14029 | D:9      | Reached *** piety under Okawaru
 14322 | D:9      | Found a stormy altar of Qazlal.
 14323 | D:9      | Found an opulent altar of Gozag.
 14323 | D:9      | Found a sparkling altar of Nemelex Xobeh.
 14837 | D:5      | Killed cowcow's ghost
 14838 | D:5      | Reached skill level 1 in Invocations
 14965 | D:10     | Entered Level 10 of the Dungeon
 14970 | D:10     | Noticed an oklob plant
 15000 | D:10     | Found a staircase to the Lair.
 15104 | D:10     | Reached XP level 11. HP: 64/64 MP: 9/25
 15193 | D:10     | Noticed a two-headed ogre
 15745 | D:10     | Noticed a two-headed ogre
 15753 | D:10     | Killed a two-headed ogre
 16078 | D:10     | Killed a two-headed ogre
 16221 | D:10     | Reached **** piety under Okawaru
 16618 | D:10     | Found a burning altar of Makhleb.
 16620 | D:10     | Found a radiant altar of Vehumet.
 17098 | D:10     | Killed an oklob plant
 17180 | Lair:1   | Entered Level 1 of the Lair of Beasts
 17269 | Lair:1   | Reached ***** piety under Okawaru
 17557 | D:11     | Noticed a boulder beetle
 17569 | D:11     | Killed a boulder beetle
 17570 | D:11     | Reached skill level 5 in Invocations
 17610 | D:11     | Identified the scarf of an ice cave {+Inv, Rampage rPois}
                  | (Okawaru gifted it to you on level 11 of the Dungeon)
 17610 | D:11     | Received a gift from Okawaru
 17960 | D:11     | Reached skill level 10 in Long Blades
 19051 | Lair:1   | Reached XP level 12. HP: 56/73 MP: 5/26
 19235 | Lair:1   | Noticed Gastronok
 19379 | Lair:1   | Killed Gastronok
 19676 | Lair:1   | Identified the +10 morningstar of Weubikhle {drain, Int+2}
 20380 | Lair:2   | Noticed a five-headed hydra
 20404 | Lair:2   | Killed a one-headed hydra
 20625 | Lair:2   | Reached skill level 1 in Evocations
 20627 | Lair:2   | Received a gift from Okawaru
 21081 | Lair:2   | Noticed Fannar
 21518 | Lair:2   | Found a hole to the Spider Nest.
 22618 | Lair:3   | Found a staircase to the Swamp.
 22618 | Lair:3   | Noticed an eleionoma
 22627 | Lair:3   | Killed an eleionoma
 22627 | Lair:3   | Identified the +5 lajatang "Gugaab" {freeze, rC+ Stlth+}
                  | (Okawaru gifted it to you on level 3 of the Lair of Beasts)
 22627 | Lair:3   | Received a gift from Okawaru
 22980 | Lair:2   | Killed Fannar
 22981 | Lair:2   | Reached skill level 5 in Evocations
 23288 | Lair:3   | Reached XP level 13. HP: 82/82 MP: 2/27
 23540 | Lair:4   | Identified the +0 ring mail "Hygi" {rN+ Slay+2}
 23568 | Lair:4   | Reached skill level 10 in Fighting
 24147 | Lair:4   | Found a viscous altar of Jiyva.
 24147 | Lair:4   | Found a staircase to the Slime Pits.
 24503 | Lair:4   | Learned a level 6 spell: Dispersal
 24505 | Lair:4   | Learned a level 1 spell: Apportation
 24506 | Lair:5   | Entered Level 5 of the Lair of Beasts
 24655 | Lair:5   | Found a frozen archway.
 24771 | IceCv    | Entered an ice cave
 26569 | Lair:5   | Received a gift from Okawaru
 27090 | Lair:5   | Reached skill level 10 in Dodging
 27143 | Lair:5   | Received a gift from Okawaru
 28558 | Lair:5   | Identified the +2 scale mail "Zuhy" {+Blink rElec rCorr
                  | Int+3} (Okawaru gifted it to you on level 5 of the Lair of
                  | Beasts)
 28558 | Lair:5   | Received a gift from Okawaru
 29286 | D:12     | Found Eciavyde's Magic Scroll Emporium.
 29296 | D:12     | Reached XP level 14. HP: 90/90 MP: 8/28
 29409 | D:12     | Bought a scroll of blinking for 105 gold pieces
 29409 | D:12     | Bought a scroll of immolation for 56 gold pieces
 30847 | D:12     | Found a staircase to the Orcish Mines.
 30859 | Orc:1    | Entered Level 1 of the Orcish Mines
 31313 | Orc:2    | Entered Level 2 of the Orcish Mines
 32785 | Orc:2    | Found a staircase to the Elven Halls.
 32995 | Orc:2    | Identified the +6 triple sword of Qast {drain, rC- Dex+5}
                  | (Okawaru gifted it to you on level 2 of the Orcish Mines)
 32995 | Orc:2    | Received a gift from Okawaru
 33436 | Orc:2    | Found Senakemp's Book Boutique.
 33436 | Orc:2    | Found Baegragi's Distillery.
 33437 | Orc:2    | Found Tyorphan's Armour Shoppe.
 33437 | Orc:2    | Found Meevofuv's Distillery.
 33446 | Orc:2    | Bought the +0 pair of gloves of Sugh {Contam rCorr MP+9
                  | Int+2} for 484 gold pieces
 33484 | Orc:2    | Bought the +4 ring mail of the True Pharaoh {rPois Will+
                  | Int-4 Dex+3} for 541 gold pieces
 33635 | Orc:2    | Bought a potion of haste for 160 gold pieces
 33635 | Orc:2    | Bought 2 potions of might for 128 gold pieces
 33635 | Orc:2    | Bought a potion of enlightenment for 80 gold pieces
 33635 | Orc:2    | Bought a potion of attraction for 48 gold pieces
 33637 | Orc:2    | Bought a potion of cancellation for 136 gold pieces
 33637 | Orc:2    | Bought a potion of invisibility for 136 gold pieces
 33637 | Orc:2    | Bought a potion of brilliance for 68 gold pieces
 35366 | D:14     | Found an iron altar of Okawaru.
 35370 | D:14     | Identified the +8 spear of Weak Watchfulness {flame,
                  | *Corrode rN+ Will+ Int+6}
 35474 | D:14     | Found a shimmering blue altar of Sif Muna.
 35515 | D:14     | Received a gift from Okawaru
 36034 | D:14     | Reached XP level 15. HP: 97/97 MP: 23/29
 36251 | D:14     | Found a gate to the Vaults.
 36486 | D:15     | Entered Level 15 of the Dungeon
 36629 | D:15     | Received a gift from Okawaru
 36777 | D:15     | Reached skill level 10 in Spellcasting
 37009 | D:15     | Found a staircase to the Depths.
 38007 | Swamp:1  | Entered Level 1 of the Swamp
 38156 | Swamp:1  | Identified the +0 plate armour of Okawaru's Displeasure
                  | {rN+ Int+6} (Okawaru gifted it to you on level 1 of the
                  | Swamp)
 38156 | Swamp:1  | Received a gift from Okawaru
 40366 | Swamp:1  | Identified the +0 cloak of Hopscotch {rC++} (Okawaru gifted
                  | it to you on level 1 of the Swamp)
 40366 | Swamp:1  | Received a gift from Okawaru
 40366 | Swamp:1  | Reached ****** piety under Okawaru
 40814 | Swamp:2  | Reached XP level 16. HP: 103/103 MP: 32/32
 40921 | Swamp:2  | Noticed Aizul
 40935 | Swamp:1  | Killed Aizul
 41477 | Swamp:2  | Noticed a thorn hunter
 41480 | Swamp:2  | Killed a thorn hunter
 41618 | Swamp:2  | Noticed a thorn hunter
 41626 | Swamp:2  | Killed a thorn hunter
 41627 | Swamp:2  | Reached skill level 15 in Long Blades
 42803 | Swamp:3  | Noticed a thorn hunter
 42809 | Swamp:3  | Killed a thorn hunter
 42809 | Swamp:3  | Identified the +4 great sword "Nujeozeyt" {flame, rN+ rCorr
                  | MP+9 Dex+4} (Okawaru gifted it to you on level 3 of the
                  | Swamp)
 42809 | Swamp:3  | Received a gift from Okawaru
 43085 | Swamp:3  | Reached skill level 15 in Dodging
 43646 | Swamp:4  | Entered Level 4 of the Swamp
 44514 | Swamp:4  | Noticed a thorn hunter
 44522 | Swamp:4  | Killed a thorn hunter
 44522 | Swamp:4  | Identified the +7 chain mail of Feboudig {rElec rPois rC+}
                  | (Okawaru gifted it to you on level 4 of the Swamp)
 44522 | Swamp:4  | Received a gift from Okawaru
 44607 | Swamp:4  | Reached skill level 1 in Armour
 45132 | Swamp:4  | Found a runed translucent door.
 45132 | Swamp:4  | Found a shimmering altar of Xom.
 45132 | Swamp:4  | Noticed NoWhammies's ghost (adept GnNe)
 45282 | Swamp:4  | Got a decaying rune of Zot
 45655 | Swamp:4  | Reached XP level 17. HP: 111/111 MP: 24/33
 46050 | Spider:1 | Entered Level 1 of the Spider Nest
 46050 | Spider:1 | Noticed Frances
 46055 | Spider:1 | Killed Frances
 46235 | Lair:2   | Reached skill level 5 in Armour
 46539 | Lair:2   | Identified the +0 crystal plate armour of the Charmed
                  | Centipede {rN+ Will+} (Okawaru gifted it to you on level 2
                  | of the Lair of Beasts)
 46539 | Lair:2   | Received a gift from Okawaru
 48267 | Spider:1 | Identified the +7 triple sword "Ultimatum" {flame, rCorr
                  | SInv}
 50223 | Spider:3 | Identified the +0 pair of gloves of the Cartwright
                  | {Rampage}
 50685 | Spider:3 | Noticed Louise
 50690 | Spider:3 | Killed Louise
 50716 | Spider:3 | Noticed Mara
 50720 | Spider:3 | Killed Mara
 50720 | Spider:3 | Received a gift from Okawaru
 50840 | Spider:3 | Noticed Arachne
 50853 | Spider:3 | Killed Arachne
 51055 | Spider:3 | Noticed Roxanne
 51310 | Spider:3 | Reached XP level 18. HP: 118/118 MP: 34/34
 51310 | Spider:3 | Noticed Kirke
 51316 | Spider:3 | Killed Kirke
 51316 | Spider:3 | Received a gift from Okawaru
 51734 | Spider:4 | Entered Level 4 of the Spider Nest
 52255 | Spider:4 | Identified the +2 quarterstaff of Poverty {drain, Int+2
                  | Dex+2 SInv}
 52770 | Spider:4 | Reached skill level 10 in Invocations
 52929 | Spider:4 | Received a gift from Okawaru
 54562 | Spider:4 | Identified the +0 chain mail of Wileor {*Slow rPois Dex+4}
 54582 | Spider:4 | Identified the +3 pair of boots of the Monkey's Uncle
                  | {Rampage SInv Stlth+}
 54606 | Spider:4 | Got a gossamer rune of Zot
 54854 | Vaults:1 | Entered Level 1 of the Vaults
 54858 | Vaults:1 | Received a gift from Okawaru
 55050 | Vaults:1 | Received a gift from Okawaru
 55485 | Vaults:1 | Found Vesel's Armour Shoppe.
 55490 | Vaults:1 | Bought a +1 helmet of see invisible for 247 gold pieces
 55862 | Vaults:1 | Found Puesum's Magic Scroll Shop.
 55870 | Vaults:1 | Bought a scroll of fog for 80 gold pieces
 55870 | Vaults:1 | Bought a scroll of poison for 80 gold pieces
 55982 | Vaults:1 | Found Sauczomosa's Antique Armour Shoppe.
 56711 | Vaults:1 | Found Yvuabi's Antique Armour Shoppe.
 56903 | Vaults:1 | Found Aqybba's Armour Emporium.
 56913 | Vaults:1 | Identified the +7 plate armour "Dapar" {Harm Will+ Str-2
                  | SInv} (Okawaru gifted it to you on level 1 of the Vaults)
 56913 | Vaults:1 | Received a gift from Okawaru
 57286 | Vaults:2 | Reached XP level 19. HP: 123/123 MP: 10/35
 57740 | Vaults:2 | Learned a level 2 spell: Passwall
 59244 | Vaults:2 | Identified the amulet of Kigaxeg {RegenMP rCorr}
 59354 | Vaults:3 | Found Faruicisk's Distillery.
 59361 | Vaults:3 | Bought a potion of enlightenment for 95 gold pieces
 59361 | Vaults:3 | Bought a potion of haste for 190 gold pieces
 59361 | Vaults:3 | Bought a potion of mutation for 152 gold pieces
 59361 | Vaults:3 | Bought a potion of heal wounds for 95 gold pieces
 59361 | Vaults:3 | Bought a potion of resistance for 190 gold pieces
 59361 | Vaults:3 | Bought a potion of lignification for 57 gold pieces
 59361 | Vaults:3 | Bought 2 potions of ambrosia for 304 gold pieces
 59487 | Vaults:3 | Found a staircase to the Crypt.
 59708 | Vaults:3 | Received a gift from Okawaru
 60406 | Vaults:3 | Received a gift from Okawaru
 61212 | Vaults:3 | Found Nutt's Distillery.
 61803 | Vaults:3 | Reached XP level 20. HP: 128/128 MP: 25/36
 61935 | Vaults:3 | Identified the +1 helmet of the Hairy God {rN++ Str+2}
                  | (Okawaru gifted it to you on level 3 of the Vaults)
 61935 | Vaults:3 | Received a gift from Okawaru
 62195 | Vaults:3 | Reached skill level 15 in Fighting
 62718 | Vaults:4 | Got Uxzosipa's Directory of Virous Reformation
 63669 | Vaults:4 | Found Ochamuiwk's Armour Emporium.
 64052 | Vaults:4 | Received a gift from Okawaru
 64153 | Vaults:4 | Identified a scroll of acquirement
 64157 | Vaults:4 | Acquired 746 gold pieces
 65026 | Elf:1    | Entered Level 1 of the Elven Halls
 65555 | Elf:1    | Received a gift from Okawaru
 65708 | Elf:1    | Got Vymedopp's Opusculum on Spectres
 65812 | Elf:1    | Found a radiant altar of Vehumet.
 66090 | Elf:1    | Identified the +7 plate armour "Uderhits" {Harm Str-2
                  | Dex+4} (Okawaru gifted it to you on level 1 of the Elven
                  | Halls)
 66090 | Elf:1    | Received a gift from Okawaru
 66344 | Elf:1    | Paralysed by an air elemental for 1 turns
 67022 | Elf:2    | Paralysed by an air elemental for 1 turns
 67761 | Elf:2    | Found a runed translucent door.
 67819 | Elf:2    | Found Oschudicomy's Book Emporium.
 67829 | Elf:2    | Learned a level 5 spell: Yara's Violent Unravelling
 67941 | Elf:2    | Reached skill level 1 in Hexes
 67942 | Elf:2    | Reached skill level 1 in Transmutations
 68013 | Elf:2    | Found a runed translucent gate.
 68014 | Elf:2    | Found a runed translucent gate.
 68014 | Elf:2    | Found a runed translucent gate.
 68080 | Elf:2    | Found a corrupted altar of Lugonu.
 68490 | Elf:2    | Reached XP level 21. HP: 137/137 MP: 37/37
 68843 | Elf:2    | Identified the +6 plate armour of Fiwummus {Rampage rElec}
                  | (Okawaru gifted it to you on level 2 of the Elven Halls)
 68843 | Elf:2    | Received a gift from Okawaru
 69495 | Elf:3    | Entered Level 3 of the Elven Halls
 69896 | Elf:3    | Identified the +0 leather armour of Taogh {rElec rPois
                  | rF+++ Dex-3}
 69896 | Elf:3    | Identified the ring "Iveg" {Fly rElec rC+ Str+3 Dex-2}
 69966 | Elf:3    | Reached skill level 5 in Hexes
 70127 | Elf:3    | Identified the ring "Wuycewerch" {rPois Dex+3 Slay+3}
 70530 | Elf:3    | Reached skill level 5 in Transmutations
 70711 | Elf:3    | Received a gift from Okawaru
 71219 | Elf:3    | Identified the staff "Sog Dym" {rF+ Int+3 Dex+2 Fire}
 71221 | Elf:3    | Got Mularuj's Verses on Viridian Geology
 71254 | Elf:3    | Identified the ring "Zoulaog" {Fly rElec}
 71260 | Elf:3    | Identified the +8 scimitar of Welfare {flame, rC++}
 71313 | Elf:3    | Identified the +5 great sword "Ujimm" {drain, rPois Int+3}
                  | (Okawaru gifted it to you on level 3 of the Elven Halls)
 71313 | Elf:3    | Received a gift from Okawaru
 71510 | Elf:3    | Got the Elucidation of Pessimism
 71711 | Elf:3    | Identified the +4 battleaxe of Sunlight {flame, Int+3}
 72012 | Elf:3    | Reached skill level 15 in Invocations
 72330 | Depths:1 | Entered Level 1 of the Depths
 72375 | Depths:1 | Found a one-way gateway to a ziggurat.
 72433 | Depths:1 | Found a runed translucent gate.
 72434 | Depths:1 | Found a runed translucent gate.
 72434 | Depths:1 | Found a runed translucent gate.
 72685 | Depths:1 | Found a gateway to Hell.
 72830 | Depths:1 | Found a white marble altar of Elyvilon.
 72904 | Depths:1 | Noticed an ancient lich
 72908 | Depths:1 | Identified the +1 robe of Qaliu {rElec rF+} (Okawaru gifted
                  | it to you on level 1 of the Depths)
 72908 | Depths:1 | Received a gift from Okawaru
 72910 | Depths:1 | Killed an ancient lich
 73018 | Depths:1 | Got the Catalogue of Dislocated Incineration
 73598 | Depths:1 | Noticed Saint Roka
 73605 | Depths:1 | Killed Saint Roka
 73606 | Depths:1 | Reached XP level 22. HP: 102/145 MP: 27/38
 73884 | Depths:1 | Noticed Bai Suzhen
 73913 | Depths:1 | Killed Bai Suzhen
 74240 | Depths:2 | Reached skill level 10 in Hexes
 74744 | Depths:2 | Found a one-way gate to the infinite horrors of the Abyss.
 75371 | Depths:2 | Identified the +1 hat of Xommeh {rElec Dex+3} (Okawaru
                  | gifted it to you on level 2 of the Depths)
 75371 | Depths:2 | Received a gift from Okawaru
 75475 | Depths:2 | Found a one-way gate leading to the halls of Pandemonium.
 75866 | Depths:2 | Identified the +2 quarterstaff "Loes" {venom, Will+ Int+3
                  | Dex+7}
 75922 | Depths:2 | Noticed a juggernaut
 75932 | Depths:2 | Killed a juggernaut
 76150 | Depths:2 | Noticed a golden dragon
 76499 | Depths:2 | Found the +8 frozen axe "Frostbite" {freeze, freezing
                  | cloud, *Noise Fly rC+}
 76627 | Depths:2 | Killed a golden dragon
 77550 | Depths:3 | Noticed a caustic shrike
 77768 | Depths:3 | Received a gift from Okawaru
 77858 | Depths:3 | Noticed Grunn
 77863 | Depths:3 | Killed Grunn
 78545 | Depths:3 | Found Olofoc's Jewellery Emporium.
 78545 | Depths:3 | Found Buifut's Book Shop.
 78546 | Depths:3 | Found Taifuah's Book Shop.
 78695 | Depths:3 | Found the +8 longbow "Zephyr" {speed, Dex+3 SInv}
 78894 | Depths:4 | Entered Level 4 of the Depths
 79314 | Depths:4 | Received a gift from Okawaru
 79748 | Depths:4 | Noticed a caustic shrike
 79748 | Depths:4 | Noticed a caustic shrike
 79751 | Depths:4 | Killed a caustic shrike
 79751 | Depths:4 | Noticed a caustic shrike
 79752 | Depths:4 | Reached skill level 15 in Translocations
 79752 | Depths:4 | Killed a caustic shrike
 79753 | Depths:4 | Noticed a caustic shrike
 79754 | Depths:4 | Killed a caustic shrike
 79757 | Depths:4 | Killed a caustic shrike
 79758 | Depths:4 | Reached skill level 10 in Transmutations
 79758 | Depths:4 | Reached XP level 23. HP: 155/155 MP: 11/39
 80187 | Depths:4 | Found a gate to the Realm of Zot.
 80496 | Depths:4 | Identified the +3 great sword of the Magi {freeze, Drain
                  | Int+5} (Okawaru gifted it to you on level 4 of the Depths)
 80496 | Depths:4 | Received a gift from Okawaru
 81148 | Depths:4 | Identified the +2 trident of Disharmony {drain, rPois}
 81440 | Depths:4 | Identified the staff of Uncertain Death {Fragile rElec
                  | Int+3 Tmut Earth}
 82852 | Vaults:5 | Entered Level 5 of the Vaults
 82859 | Vaults:5 | Received a gift from Okawaru
 82873 | Vaults:5 | Noticed a dread lich
 82877 | Vaults:5 | Killed a dread lich
 83486 | Vaults:5 | Identified the -1 hat of Okawaru's Inspiration {rElec Str+5
                  | Dex+3 Stlth-} (Okawaru gifted it to you on level 5 of the
                  | Vaults)
 83486 | Vaults:5 | Received a gift from Okawaru
 83581 | Arena    | Entered the Arena
 84244 | Vaults:5 | Found the +3 hat of Pondering {ponderous, Will+ MP+10
                  | Int+5}
 84261 | Vaults:5 | Got a silver rune of Zot
 84430 | Vaults:5 | Noticed a dread lich
 84435 | Vaults:5 | Killed a dread lich
 84436 | Vaults:5 | Reached XP level 24. HP: 163/163 MP: 18/40
 85255 | Vaults:5 | Noticed an ancient lich
 85261 | Vaults:5 | Killed an ancient lich
 85262 | Vaults:5 | Reached skill level 15 in Spellcasting
 85747 | Vaults:5 | Identified the +2 helmet of Eternal Vigilance {Str+3}
                  | (Okawaru gifted it to you on level 5 of the Vaults)
 85747 | Vaults:5 | Received a gift from Okawaru
 86733 | Zot:1    | Entered Level 1 of the Realm of Zot
 88807 | Zot:2    | You fall into a shaft and drop 1 floor!
 88933 | Zot:3    | Identified the +2 buckler of Winter {rPois SInv} (Okawaru
                  | gifted it to you on level 3 of the Realm of Zot)
 88933 | Zot:3    | Received a gift from Okawaru
 88943 | Zot:3    | Noticed a Killer Klown
 88953 | Zot:3    | Killed a Killer Klown
 89722 | Zot:2    | Acquired Wastic's Teachings on Destined Breath
 89724 | Zot:2    | Acquired a +3 triple sword of holy wrath
 90124 | Zot:3    | Reached XP level 25. HP: 130/168 MP: 46/48
 91294 | Zot:3    | Received a gift from Okawaru
 91994 | Zot:4    | Noticed a Killer Klown
 92150 | Zot:4    | Noticed an orb of fire
 92156 | Zot:4    | Gained mutation: You are weak. (Str -2) [an orb of fire]
 92286 | Zot:3    | Killed a Killer Klown
 92358 | Zot:4    | Gained mutation: Your body sometimes deteriorates upon
                  | taking damage. [an orb of fire]
 92360 | Zot:4    | Gained mutation: You occasionally shout uncontrollably at
                  | your foes. [an orb of fire]
 92361 | Zot:4    | Killed an orb of fire
 93150 | Zot:4    | Gained mutation: You occasionally lose the ability to read
                  | scrolls when taking damage. [mutagenic glow]
 93162 | Zot:4    | Noticed an orb of fire
 93168 | Arena    | Entered the Arena
 93173 | Arena    | Gained mutation: Your magical capacity is low. (-10% MP)
                  | [mutagenic glow]
 93187 | Zot:4    | Killed an orb of fire
 93187 | Zot:4    | Received a gift from Okawaru
 93235 | Zot:3    | Lost mutation: You are weak. (Str -2) [potion of mutation]
 93235 | Zot:3    | Lost mutation: You occasionally lose the ability to read
                  | scrolls when taking damage. [potion of mutation]
 93235 | Zot:3    | Gained mutation: You have hidden genetic potential. [potion
                  | of mutation]
 93235 | Zot:3    | Gained mutation: A frigid envelope surrounds you and
                  | freezes all who hurt you. [potion of mutation]
 94084 | Zot:4    | Noticed a dread lich
 94092 | Zot:4    | Killed a dread lich
 94314 | Zot:4    | Noticed a dread lich
 94321 | Zot:4    | Killed a dread lich
 94436 | Zot:4    | Identified the +0 helmet of Icakkyic {rElec Str+3} (Okawaru
                  | gifted it to you on level 4 of the Realm of Zot)
 94436 | Zot:4    | Received a gift from Okawaru
 94853 | Zot:5    | Entered Level 5 of the Realm of Zot
 95344 | Zot:5    | Identified the +8 hand axe of the Undead {flame, rElec
                  | Int+3}
 95742 | Arena    | Entered the Arena
 95771 | Zot:5    | Reached XP level 26. HP: 113/174 MP: 9/44
 97206 | D:6      | Fell from the grace of Okawaru
 97206 | D:6      | Became a worshipper of the Shining One
 97469 | Crypt:1  | Entered Level 1 of the Crypt
 97493 | Crypt:1  | Reached * piety under the Shining One
 97614 | Crypt:1  | Reached ** piety under the Shining One
 97869 | Crypt:1  | Reached *** piety under the Shining One
 97891 | Crypt:1  | Noticed a dread lich
 97900 | Crypt:1  | Killed a dread lich
 98534 | Crypt:2  | Reached **** piety under the Shining One
 98918 | Crypt:2  | Reached ***** piety under the Shining One
 99330 | Crypt:3  | Entered Level 3 of the Crypt
 99887 | Crypt:3  | Found a staircase to the Tomb.
100065 | Crypt:3  | Identified the +9 dagger of Impermanence {speed, rC+ Str-2
                  | Int+5 SInv}
100352 | Crypt:3  | Noticed Vv
100366 | Crypt:3  | Killed Vv
100503 | Crypt:3  | Found an ancient bone altar of Kikubaaqudgha.
100510 | Crypt:3  | Noticed an ancient lich
100511 | Crypt:3  | Killed an ancient lich
100551 | Crypt:3  | Got the Codex of the Congregation
100564 | Crypt:3  | Noticed a dread lich
100568 | Crypt:3  | Killed a dread lich
101342 | Pan      | Entered Pandemonium
101377 | Pan      | Reached ****** piety under the Shining One
101443 | Pan      | Noticed Mennas
101452 | Pan      | Gained mutation: Your mind is acute. (Int +4, Str/Dex -1)
                  | [hidden potential]
101470 | Pan      | Killed Mennas
101847 | Pan      | Found an exit through the horrors of the Abyss.
102050 | Pan      | Noticed Qyinnaon the pandemonium lord
102076 | Pan      | Killed Qyinnaon the pandemonium lord
102219 | Pan      | Identified the +8 flail "Meatwu" {freeze, Dex+3}
102375 | Pan      | Got a demonic rune of Zot
102997 | Pan      | Found a runed translucent door.
103384 | Pan      | Noticed Bockiura the pandemonium lord
103388 | Pan      | Killed Bockiura the pandemonium lord
103391 | Pan      | Reached XP level 27. HP: 179/179 MP: 28/44
103551 | Pan      | Identified the +6 glaive "Soiga" {speed, Int+4}
103719 | Pan      | Was forgiven by Okawaru
103951 | Pan      | Noticed Cuucras the pandemonium lord
103992 | Pan      | Gained mutation: Your magical capacity is very low. (-20%
                  | MP) [a neqoxec]
104031 | Pan      | Entered the realm of Mnoleg.
104151 | Pan      | Gained mutation: You are clumsy. (Dex -2) [a neqoxec]
104221 | Pan      | Gained mutation: You expend magic power (3 MP) to
                  | strengthen your wands. [a neqoxec]
104222 | Pan      | Gained mutation: You occasionally lose the ability to read
                  | scrolls when taking damage. [a neqoxec]
104223 | Pan      | Noticed Mnoleg
104230 | Pan      | Killed Mnoleg
104320 | Pan      | Got a glowing rune of Zot
104431 | Pan      | Lost mutation: You occasionally lose the ability to read
                  | scrolls when taking damage. [potion of mutation]
104431 | Pan      | Lost mutation: You have hidden genetic potential. [potion
                  | of mutation]
104431 | Pan      | Lost mutation: You occasionally shout uncontrollably at
                  | your foes. [potion of mutation]
104431 | Pan      | Gained mutation: You possess an exceptional clarity of
                  | mind. [potion of mutation]
104431 | Pan      | Gained mutation: You have large cloven feet. [potion of
                  | mutation]
104431 | Pan      | Gained mutation: Your spells are a little easier to cast,
                  | but a little less powerful. [potion of mutation]
104447 | Pan      | Noticed Sarrish the pandemonium lord
104541 | Pan      | Entered the realm of Lom Lobon.
105106 | Pan      | Noticed Lom Lobon
105597 | Pan      | Got a magical rune of Zot
105798 | Pan      | Entered the realm of Cerebov.
106339 | Pan      | Found the +6 sword of Cerebov {flame}
106339 | Pan      | Noticed Cerebov
106345 | Pan      | Identified the ring "Forayrphe" {rC+ MP+9}
106369 | Pan      | Killed Cerebov
106462 | Pan      | Identified the staff of the Crypt {Fly rCorr Str+4 Stlth-
                  | Conj}
106470 | Pan      | Identified the +1 leather armour "Iheab" {Slay+3}
106539 | Pan      | Got the Discourse on Peccant Beckoning
106561 | Pan      | Got the Folio of Frozen Sidekicks
106589 | Pan      | Got a fiery rune of Zot
106625 | Pan      | Entered the realm of Gloorx Vloq.
106666 | Pan      | Found an exit through the horrors of the Abyss.
107912 | Pan      | Noticed Gloorx Vloq
107918 | Pan      | Killed Gloorx Vloq
107962 | Pan      | Got a dark rune of Zot
108202 | Depths:2 | Escaped Pandemonium
108230 | Depths:2 | Voluntarily entered the Abyss.
108288 | Abyss:1  | Found a corrupted altar of Lugonu.
108333 | Abyss:1  | Found a corrupted altar of Lugonu.
108444 | Abyss:2  | Found a corrupted altar of Lugonu.
108785 | Depths:2 | Escaped the Abyss
108850 | Depths:2 | Voluntarily entered the Abyss.
109126 | Abyss:3  | Found a corrupted altar of Lugonu.
109189 | Abyss:3  | Found a corrupted altar of Lugonu.
109191 | Abyss:3  | Found a corrupted altar of Lugonu.
109191 | Abyss:3  | Found a corrupted altar of Lugonu.
109207 | Abyss:3  | Found a transporter.
109219 | Abyss:4  | Found a corrupted altar of Lugonu.
109261 | Abyss:4  | Got the Precepts of Metal
109305 | Abyss:4  | Found a corrupted altar of Lugonu.
109348 | Depths:2 | Escaped the Abyss
109614 | Depths:2 | Voluntarily entered the Abyss.
109951 | Abyss:4  | Got an abyssal rune of Zot
109983 | Depths:2 | Escaped the Abyss
110229 | Hell     | Entered the Vestibule of Hell
110229 | Hell     | Noticed Geryon
110243 | Hell     | Killed Geryon
110606 | Hell     | Found a gateway to the freezing wastes of Cocytus.
110764 | Hell     | Found a gateway to the Iron City of Dis.
110932 | Hell     | Found a gateway to the ashen valley of Gehenna.
111061 | Hell     | Found a gateway to the decaying netherworld of Tartarus.
111656 | Tar:1    | Entered Level 1 of Tartarus
112651 | Tar:7    | Entered Level 7 of Tartarus
112686 | Tar:7    | Found the +7 captain's cutlass {speed, disarm}
112746 | Tar:7    | Noticed an ancient lich
112749 | Tar:7    | Noticed a dread lich
112750 | Tar:7    | Killed an ancient lich
112751 | Tar:7    | Killed a dread lich
113001 | Tar:7    | Noticed Ereshkigal
113006 | Tar:7    | Killed Ereshkigal
113088 | Tar:7    | Identified the ring of Woimmuhi {Wiz rPois Will+ Str+3}
113135 | Tar:7    | Noticed the Serpent of Hell
113143 | Tar:7    | Killed the Serpent of Hell
113186 | Tar:7    | Got a bone rune of Zot
113712 | Slime:1  | Entered Level 1 of the Pits of Slime
113806 | Slime:2  | Gained mutation: Your spells are easier to cast, but less
                  | powerful. [a shining eye]
113808 | Slime:2  | Gained mutation: Your magical capacity is extremely low.
                  | (-30% MP) [a shining eye]
113884 | Slime:2  | Gained mutation: You do not regenerate when monsters are
                  | visible. [a shining eye]
113973 | Slime:3  | Noticed Dissolution
113978 | Slime:3  | Killed Dissolution
114211 | Slime:5  | Entered Level 5 of the Pits of Slime
114374 | Slime:5  | Found a viscous altar of Jiyva.
114375 | Slime:5  | Noticed the Royal Jelly
114381 | Slime:5  | Killed the Royal Jelly
114477 | Slime:5  | Got a slimy rune of Zot
114603 | Lair:4   | Lost mutation: Your magical capacity is extremely low.
                  | (-30% MP) [potion of mutation]
114603 | Lair:4   | Lost mutation: You do not regenerate when monsters are
                  | visible. [potion of mutation]
114603 | Lair:4   | Gained mutation: You are partially covered in iridescent
                  | scales. (AC +2) [potion of mutation]
114604 | Lair:4   | Lost mutation: You are partially covered in iridescent
                  | scales. (AC +2) [potion of mutation]
114604 | Lair:4   | Lost mutation: You possess an exceptional clarity of mind.
                  | [potion of mutation]
114604 | Lair:4   | Lost mutation: Your mind is acute. (Int +4, Str/Dex -1)
                  | [potion of mutation]
114604 | Lair:4   | Gained mutation: Armour fits poorly on your strangely
                  | shaped body. [potion of mutation]
114604 | Lair:4   | Lost mutation: A frigid envelope surrounds you and freezes
                  | all who hurt you. [potion of mutation]
114604 | Lair:4   | Lost mutation: You have large cloven feet. [potion of
                  | mutation]
114605 | Lair:4   | Lost mutation: Your body sometimes deteriorates upon taking
                  | damage. [potion of mutation]
114605 | Lair:4   | Lost mutation: You expend magic power (3 MP) to strengthen
                  | your wands. [potion of mutation]
114605 | Lair:4   | Gained mutation: You have a pair of small horns on your
                  | head. [potion of mutation]
114605 | Lair:4   | Gained mutation: Your system is resistant to poisons.
                  | (rPois) [potion of mutation]
114606 | Lair:4   | Lost mutation: Your system is resistant to poisons. (rPois)
                  | [potion of mutation]
114606 | Lair:4   | Lost mutation: You are clumsy. (Dex -2) [potion of
                  | mutation]
114606 | Lair:4   | Lost mutation: Armour fits poorly on your strangely shaped
                  | body. [potion of mutation]
114606 | Lair:4   | Gained mutation: Your magical capacity is extremely low.
                  | (-30% MP) [potion of mutation]
114606 | Lair:4   | Gained mutation: You expend magic power (3 MP) to
                  | strengthen your wands. [potion of mutation]
114607 | Lair:4   | Lost mutation: Your magical capacity is extremely low.
                  | (-30% MP) [potion of mutation]
114607 | Lair:4   | Lost mutation: Your magical capacity is very low. (-20% MP)
                  | [potion of mutation]
114607 | Lair:4   | Lost mutation: You have a pair of small horns on your head.
                  | [potion of mutation]
114607 | Lair:4   | Gained mutation: You are clumsy. (Dex -2) [potion of
                  | mutation]
114607 | Lair:4   | Gained mutation: You occasionally shout uncontrollably at
                  | your foes. [potion of mutation]
114608 | Lair:4   | Lost mutation: Your magical capacity is low. (-10% MP)
                  | [potion of mutation]
114608 | Lair:4   | Lost mutation: You occasionally shout uncontrollably at
                  | your foes. [potion of mutation]
114608 | Lair:4   | Lost mutation: Your spells are easier to cast, but less
                  | powerful. [potion of mutation]
114608 | Lair:4   | Gained mutation: Your mind is acute. (Int +4, Str/Dex -1)
                  | [potion of mutation]
114608 | Lair:4   | Gained mutation: You are partially covered in large bone
                  | plates. (SH +4) [potion of mutation]
115026 | Tomb:1   | Entered Level 1 of the Tomb of the Ancients
116237 | Tomb:2   | Noticed a royal mummy
116237 | Tomb:2   | Noticed a royal mummy
116238 | Tomb:2   | Noticed a royal mummy
116240 | Tomb:2   | Noticed a royal mummy
116241 | Tomb:2   | Noticed a royal mummy
116242 | Tomb:2   | Killed a royal mummy
116242 | Tomb:2   | Killed a royal mummy
116244 | Tomb:2   | Killed a royal mummy
116245 | Tomb:2   | Killed a royal mummy
116247 | Tomb:2   | Killed a royal mummy
116983 | Tomb:3   | Entered Level 3 of the Tomb of the Ancients
116995 | Tomb:3   | Noticed a royal mummy
116999 | Tomb:3   | Killed a royal mummy
117002 | Tomb:3   | Reached skill level 5 in Earth Magic
117008 | Tomb:3   | Noticed a royal mummy
117009 | Tomb:3   | Noticed a royal mummy
117010 | Tomb:3   | Noticed a royal mummy
117011 | Tomb:3   | Killed a royal mummy
117013 | Tomb:3   | Noticed a royal mummy
117017 | Tomb:3   | Killed a royal mummy
117019 | Tomb:3   | Killed a royal mummy
117020 | Tomb:3   | Killed a royal mummy
117024 | Tomb:3   | Noticed a royal mummy
117026 | Tomb:3   | Reached skill level 10 in Earth Magic
117027 | Tomb:3   | Noticed a royal mummy
117030 | Tomb:3   | Killed a royal mummy
117031 | Tomb:3   | Noticed a royal mummy
117032 | Tomb:3   | Killed a royal mummy
117037 | Tomb:3   | Killed a royal mummy
117055 | Tomb:3   | Noticed a royal mummy
117058 | Tomb:3   | Killed a royal mummy
117504 | Tomb:3   | Found the +2 hat of the Bear Spirit {Spirit, Bear, *Rage
                  | Will++}
117521 | Tomb:3   | Identified the +0 pair of gloves "Nedakit" {Regen+}
117531 | Tomb:3   | Identified the ring "Osiqasch" {rF+ rN+ Str+5 SInv}
117575 | Tomb:3   | Identified the ring of Riwatto {rN+ Will+}
117576 | Tomb:3   | Identified the amulet of the Solstice {Faith +Inv}
117582 | Tomb:3   | Identified the ring "Edghi" {rPois rC+}
117583 | Tomb:3   | Identified the staff "Concordance" {rElec rF+ Fire}
117613 | Tomb:3   | Identified the staff of Histrionic Courage {Str+3 Earth}
117670 | Tomb:3   | Got a golden rune of Zot
118122 | Geh:1    | Entered Level 1 of Gehenna
118236 | Geh:1    | You fall into a shaft and drop 1 floor!
118607 | Geh:5    | Reached skill level 15 in Earth Magic
118997 | Geh:7    | Entered Level 7 of Gehenna
119835 | Geh:7    | Found the +13 sceptre of Asmodeus
119835 | Geh:7    | Noticed Asmodeus
119865 | Geh:7    | Killed Asmodeus
119950 | Geh:7    | Got an obsidian rune of Zot
120114 | Coc:1    | Entered Level 1 of Cocytus
120270 | Coc:2    | Noticed an ancient lich
120272 | Coc:2    | Killed an ancient lich
120425 | Coc:3    | Learned a level 9 spell: Shatter
120575 | Zig:1    | Entered Level 1 of a ziggurat
121694 | Coc:7    | Entered Level 7 of Cocytus
122051 | Coc:7    | Identified the ring of Royalty {Wiz Dex+2}
122053 | Coc:7    | Identified the ring of Huocelod {+Blink rPois AC+4 Int+3
                  | Dex-5}
122911 | Coc:7    | Noticed Antaeus
122929 | Coc:7    | Killed Antaeus
123026 | Coc:7    | Got an icy rune of Zot
123124 | Dis:1    | Entered Level 1 of the Iron City of Dis
123196 | Dis:1    | Noticed a dread lich
123202 | Dis:1    | Killed a dread lich
123949 | Dis:4    | Noticed an ancient lich
123954 | Dis:4    | Killed an ancient lich
123997 | Dis:4    | Noticed a dread lich
124004 | Dis:4    | Killed a dread lich
124005 | Dis:4    | Noticed an ancient lich
124014 | Dis:4    | Killed an ancient lich
124160 | Dis:5    | Lost mutation: You are partially covered in large bone
                  | plates. (SH +4) [mutagenic glow]
124527 | Dis:6    | Reached skill level 10 in Armour
124708 | Dis:7    | Entered Level 7 of the Iron City of Dis
125508 | Dis:7    | Noticed a dread lich
125518 | Dis:7    | Killed a dread lich
125846 | Dis:7    | Noticed Dispater
125848 | Dis:7    | Noticed a juggernaut
125852 | Dis:7    | Killed a juggernaut
125861 | Dis:7    | Killed Dispater
125869 | Dis:7    | Identified the staff "Luampaew" {+Blink rElec Str+3 Stlth-
                  | Conj}
125872 | Dis:7    | Identified the +0 hat "Vunag" {Harm rCorr Str-4 Dex+4}
125878 | Dis:7    | Got an iron rune of Zot
126348 | Zot:5    | Noticed an ancient lich
126350 | Zot:5    | Noticed an orb of fire
126353 | Zot:5    | Noticed a dread lich
126353 | Zot:5    | Noticed an orb of fire
126354 | Zot:5    | Killed a dread lich
126355 | Zot:5    | Killed an ancient lich
126359 | Zot:5    | Killed an orb of fire
126360 | Zot:5    | Killed an orb of fire
126361 | Zot:5    | Noticed a dread lich
126362 | Zot:5    | Killed a dread lich
126432 | Zot:5    | Noticed an ancient lich
126437 | Zot:5    | Killed an ancient lich
126539 | Zot:5    | Got the Orb of Zot
126555 | Zot:5    | Noticed Xewugh the pandemonium lord
126562 | Zot:5    | Killed Xewugh the pandemonium lord
126563 | Zot:5    | Reached skill level 15 in Armour
126818 | Depths:2 | Noticed Zerof the pandemonium lord
126821 | Depths:2 | Noticed an ancient lich
126823 | Depths:2 | Killed Zerof the pandemonium lord
126825 | Depths:2 | Killed an ancient lich
126919 | D:12     | Noticed Lom Lobon
127063 | D:5      | Noticed a seraph
127139 | D:$      | Escaped with the Orb!

Illustrated notes

Levels and vault maps discovered:
D:1:      tarquinn_simple_flora_water_b, layout_rooms, st_stairs_9
D:2:      layout_loops_cross
D:3:      layout_rooms
D:4:      layout_loops_corners, minivault_27, sigmund_army
D:5:      layout_cave_pools, serial_gnoll_camp, gnoll_camp_mini_hut,
          gnoll_camp_mini_sergeant, gnoll_camp_mini_loothouse,
          gnoll_camp_mini_hut, gnoll_camp_mini_hut, ebering_ghost_disaster_area,
          uniq_blork_the_orc
D:6:      old_forge, layout_loops_corners, mainiacjoe_overflow_surrounded_room,
          tso_oasis_becter, serial_shops, nicolae_shop_tiny_real_fake_doors,
          kennysheep_donut, uniq_pikel
D:7:      layout_basic, minmay_temple_entry_statues_fountains, chequers_avenue
D:8:      layout_loops_corners, overflow_temple_1_default, kennysheep_mini_moat,
          serial_shops, shop, minmay_stone_trees_medium, minmay_orc_keep
D:9:      layout_roguey, chequers_temple_overflow_statue_of_worship,
          serial_rivers, chequers_serial_rivers_room_b,
          chequers_serial_rivers_small_3, chequers_serial_rivers_small_3,
          chequers_serial_rivers_micro_c, chequers_serial_rivers_room_a,
          chequers_serial_rivers_small_a, enter_bailey_5
D:10:     layout_long_grid, grunt_temple_overflow_lords_of_destruction,
          dpeg_oklobed_lair
D:11:     layout_loops_ring
D:12:     layout_cave_pools, david_orc_4, serial_shops, shop
D:13:     layout_irregular_city
D:14:     layout_rooms, grunt_vaults_entry_tiered, okawaru_ov_weapons_minmay,
          tgw_sif
D:15:     gammafunk_depths_entry_grave, layout_loops_ring
Temple:   cyrus_circular_temple
Lair:1:   layout_loops_ring, uniq_gastronok
Lair:2:   layout_chaotic_city, hellmonk_spider_entry_not_the_bees,
          lemuel_fruit_fields, uniq_fannar
Lair:3:   layout_roguey, alex1729_swamp_entry_worm_eleionoma
Lair:4:   layout_cave_pods, nicolae_slime_entry_slimehenge,
          nicolae_quartered_pool_little, small_statue_intersection
Lair:5:   gammafunk_lair_ancient_temple, layout_cave_pods,
          portal_ice_cave_entry_pillars_1, serial_bayou_pond_c
Swamp:1:  nicolae_swamp_flooded_prison, layout_basic_swamp,
          nicolae_swamp_small_spring, swamp_pool5, hangedman_swamp_cone
Swamp:2:  layout_basic_swamp, hangedman_swamp_ruin_wall,
          infiniplex_staircase_pool, uniq_aizul
Swamp:3:  layout_basic_swamp, nicolae_swamp_ascending_descending, swamp_pool1
Swamp:4:  swamp, layout_basic_swamp, ebering_ghost_xom, swamp_pool1
Spider:1: nicolae_spider_broodchamber, uniq_frances
Spider:2: layout_spider_delve
Spider:3: layout_spider_delve, hangedman_spider_tarantella_strand, uniq_mara,
          uniq_arachne, uniq_louise, uniq_roxanne, uniq_kirke
Spider:4: hellmonk_spider_rune_endless_swarm
Slime:1:  cheibrodos_slime_lost_civilization_9, layout_caves,
          nicolae_slime_barrier
Slime:2:  layout_caves
Slime:3:  layout_caves, basic_altar, dissolution_awaits
Slime:4:  cheibrodos_slime_lost_civilization_8, layout_caves
Slime:5:  slime_pit
Orc:1:    layout_caves, basic_altar
Orc:2:    st_orc_elflike, layout_diamond_mine
Elf:1:    nicolae_elf_arrival_aired_out, layout_loops_corners, basic_altar,
          minmay_elf_necromancy, nicolae_elf_stone_circles,
          nicolae_concentric_dashed_squares_mild, minmay_curled_crystal
Elf:2:    nicolae_elf_blades_crystal_corner, layout_geoelf_octagon,
          serial_shops, shop, grunt_ministairs_15, nicolae_danse_macabre
Elf:3:    grunt_elf_hall_spiral, layout_geoelf_octagon
Vaults:1: v_misc_28, nicolae_vaults_ring_of_whatevers, nicolae_vaults_murderbox,
          nicolae_vaults_closet_pinwheel_4, hangedman_vaults_capsules,
          nicolae_vaults_closet_pinwheel_2, ontoclasm_vaults_decontamination,
          layout_vaults_quadrants, serial_shops, shop,
          nicolae_shop_behind_doors, shop, shop, nicolae_shop_hallway_plus
Vaults:2: v_pattern_2, nicolae_vaults_shelves_hall,
          nicolae_vaults_trapezoid_lopsided_2, nicolae_vaults_layer_cake_slice,
          vaults_mumra_lcd, ontoclasm_vaults_ring_large,
          ontoclasm_vaults_misaligned, nicolae_vaults_heist,
          nicolae_vaults_house_1, nicolae_vaults_tetromino_L_1,
          layout_vaults_omnicross
Vaults:3: nicolae_vaults_network_barrier, v_misc_33, hangedman_vaults_locks,
          minmay_crypt_entry_simple_plaza, dpeg_vaults_pockets_of_resistance,
          nicolae_vaults_trapezoid_2, hangedman_vaults_pinch, v_misc_33,
          vaults_room_pools, layout_vaults_ring, serial_shops, shop, shop
Vaults:4: nicolae_vaults_network_square, nicolae_vaults_thirteen_compartments,
          nicolae_vaults_octothorpe, nicolae_vaults_taking_the_gang_shopping,
          hangedman_vaults_corner, v_misc_12, v_misc_14,
          nicolae_vaults_closet_pinwheel_1, layout_vaults_omnibox
Vaults:5: serial_shops
Crypt:1:  layout_rooms, st_stairs_9, st_shrine_of_skulls
Crypt:2:  layout_misc_corridors
Crypt:3:  quadcrypt_mu, uniq_vv
Tomb:1
Tomb:2
Tomb:3
Depths:1: layout_roguey [special_room_magic_class], enter_ziggurat_e,
          hell_entry, elyvilon_altar_5, st_stairs_3, pandoras_box_mu,
          serial_bayou_shore_a, uniq_bai_suzhen, uniq_saint_roka
Depths:2: grunt_twist_and_shout, layout_basic, abyss_entry, lightli_too_deep,
          pan_entry, minmay_multi_spiral, serial_bayou_shore_b,
          serial_bayou_shore_b, minmay_staircase_windowed_large, firewood_loft
Depths:3: minmay_connected_triangles_in_corner, layout_cave_pools, hell_entry,
          chequers_serial_rivers_micro_a, abyss_entry,
          infiniplex_staircase_pillars_3a, minmay_shop_grove, uniq_grunn
Depths:4: lemuel_castle_with_subvaults [lemuel_castle_interior_original],
          layout_honeycomb, minmay_room_of_horrors, hell_entry,
          minmay_crystal_water, nicolae_figureground_sparkle
Hell
Dis:1:    layout_subdivisions
Dis:2:    layout_gridville
Dis:3:    layout_jigsaw
Dis:4:    layout_jigsaw, nicolae_hells_leichenhalle
Dis:5:    nicolae_dis_big_iron_x
Dis:6:    layout_gridville
Dis:7:    dis_hangedman
Geh:1:    layout_gehenna_pools_basic
Geh:2:    layout_gehenna_lava_caves
Geh:3:    layout_gehenna_lava_caves
Geh:4:    layout_gehenna_lava_caves
Geh:5:    layout_gehenna_lava_caves
Geh:6:    layout_gehenna_lava_caves
Geh:7:    geh_grunt_pentagon
Coc:1:    layout_ice_bergs
Coc:2:    layout_cocytus_water_paths
Coc:3:    layout_ice_bergs
Coc:4:    nicolae_hells_giants_party, layout_ice_bergs
Coc:5:    layout_ice_bergs
Coc:6:    layout_ice_bergs
Coc:7:    coc_dpeg
Tar:1:    layout_honeycomb, nicolae_tar_cuneiform_oil
Tar:2:    layout_grid_maze
Tar:3:    layout_honeycomb
Tar:4:    nicolae_tar_tart_auras, layout_cathedral_of_symmetry
Tar:5:    layout_grid_maze
Tar:6:    layout_catacombs
Tar:7:    tar_grunt_cathedral
Zot:1:    layout_basic, grunt_megastairs_5
Zot:2:    layout_cathedral_of_symmetry
Zot:3:    layout_concentric_octagons
Zot:4:    hangedman_snap_crack_crunch, layout_concentric_octagons
Zot:5:    layout_misc_corridors, skrybe_zot_glass_1

Skill      XL: |  1  2  3  4  5  6  7  8  9 10 11 12 13 14 15 16 17 18 19 20 21 22 23 24 25 26 27 |
---------------+----------------------------------------------------------------------------------+-----
Long Blades    | 2 3 5 6 8 10 12 13 14 16 17 19 22 25 26 | 26.5
Fighting       | 2 3 5 7 9 11 12 14 16 17 19 20 26 | 26.0
Dodging        | 3 4 5 7 8 10 13 15 20 23 26 | 26.0
Translocations | 5 6 8 10 14 15 17 | 17.3
Spellcasting   | 5 8 10 11 19 20 26 | 26.0
Air Magic      | 2 4 |  4.0
Invocations    | 1 5 7 10 13 15 17 19 22 26 | 26.0
Evocations     | 5 |  5.0
Armour         | 3 5 15 | 15.0
Hexes          | 2 9 12 | 12.1
Transmutations | 2 8 10 | 10.0
Earth Magic    | 26 | 26.0
Throwing       | |  1.0

Action                     |  1- 3 |  4- 6 |  7- 9 | 10-12 | 13-15 | 16-18 | 19-21 | 22-24 | 25-27 || total
---------------------------+-------+-------+-------+-------+-------+-------+-------+-------+-------++-------
  Melee: Falchion          |   119 |       |       |    10 |    19 |       |       |       |       ||   148
         Dagger            |    42 |   111 |   389 |     4 |       |       |       |       |       ||   546
         Punch             |       |     1 |       |       |     2 |     3 |       |       |       ||     6
         Great sword       |       |       |       |   657 |   709 |    39 |       |       |       ||  1405
         Triple sword      |       |       |       |       |    98 |   278 |  1275 |  1228 |  4486 ||  7365
         Double sword      |       |       |       |       |   347 |   859 |       |       |       ||  1206
   Fire: Sling             |       |     5 |       |       |       |       |       |       |       ||     5
  Throw: Dart              |     1 |     2 |       |     1 |       |       |       |       |     1 ||     5
   Cast: Manifold Assault  |       |       |   128 |   291 |   591 |   694 |   716 |   753 |  2690 ||  5863
         Vhi's Electric Ch |       |       |    11 |    16 |    22 |     5 |    15 |    16 |    24 ||   109
         Blink             |       |       |       |    10 |     8 |     6 |       |     4 |    15 ||    43
         Lesser Beckoning  |       |       |       |       |       |     1 |       |       |       ||     1
         Passwall          |       |       |       |       |       |       |     2 |       |       ||     2
         Dispersal         |       |       |       |       |       |       |       |       |    10 ||    10
         Yara's Violent Un |       |       |       |       |       |       |       |       |     4 ||     4
         Shatter           |       |       |       |       |       |       |       |       |    67 ||    67
         Apportation       |       |       |       |       |       |       |       |       |     3 ||     3
 Invoke: Heroism           |       |       |       |    14 |    13 |    17 |     6 |     4 |     2 ||    56
         Finesse           |       |       |       |     1 |     3 |     1 |     3 |    15 |     7 ||    30
         Duel              |       |       |       |       |       |       |       |     1 |     2 ||     3
         Cleansing Flame   |       |       |       |       |       |       |       |       |   138 ||   138
         Divine Shield     |       |       |       |       |       |       |       |       |    62 ||    62
         Summon Divine War |       |       |       |       |       |       |       |       |    19 ||    19
  Evoke: Wand              |       |     1 |     1 |       |     2 |     2 |     2 |     6 |    18 ||    32
         Phial of floods   |       |       |       |       |       |       |     1 |       |     1 ||     2
         Figurine of a zig |       |       |       |       |       |       |       |       |     1 ||     1
    Use: Scroll            |       |       |       |    12 |    15 |     6 |     7 |    15 |    33 ||    88
         Potion            |       |       |       |     2 |     2 |     8 |       |     7 |    44 ||    63
   Stab: Sleeping          |     3 |     1 |       |       |       |       |       |       |       ||     4
         Distracted        |       |       |       |       |       |     1 |     1 |     1 |       ||     3
 Armour: Leather armour    |    35 |    24 |    40 |       |       |       |       |       |       ||    99
         Swamp dragon scal |       |       |     5 |   117 |   100 |       |       |       |       ||   222
         Robe              |       |       |       |     3 |     1 |       |       |       |       ||     4
         Ring mail         |       |       |       |       |    26 |   104 |    50 |    63 |   176 ||   419
         Skin              |       |       |       |       |       |       |       |       |    89 ||    89
  Dodge: Dodged            |    92 |    66 |   138 |   258 |   315 |   395 |   174 |   251 |  1001 ||  2690
  Block: Other             |       |       |       |       |       |       |       |       |   301 ||   301

Table legend: (Time is in decaauts)
 A = Elapsed time spent in this place.
 B = Non-inter-level travel time spent in this place.
 C = Inter-level travel time spent in this place.
 D = Time resting spent in this place.
 E = Time spent auto-exploring this place.
 F = Levels seen in this place.
 G = Mean time per level.
                   A        B        C        D        E       F      G
               +--------+--------+--------+--------+--------+-----+--------+
         Total | 126828 | 116548 |  10280 |  24635 |  70878 | 112 | 1132.4 |
       Dungeon |  25929 |  22592 |   3337 |   3925 |  14316 |  15 | 1728.6 |
        Temple |     26 |     26 |      0 |      0 |      0 |   1 |   26.0 |
          Lair |  10880 |   9888 |    992 |   2332 |   6052 |   5 | 2176.0 |
         Swamp |   8213 |   7966 |    247 |   1448 |   5611 |   4 | 2053.2 |
   Spider Nest |   8000 |   7692 |    308 |   1456 |   5226 |   4 | 2000.0 |
    Slime Pits |    881 |    804 |     77 |    342 |     83 |   5 |  176.2 |
  Orcish Mines |   3103 |   2828 |    275 |   1006 |   1359 |   2 | 1551.5 |
   Elven Halls |   7182 |   6910 |    272 |   1209 |   4908 |   3 | 2394.0 |
        Vaults |  14811 |  13214 |   1597 |   2784 |   8633 |   5 | 2962.2 |
         Crypt |   3844 |   3445 |    399 |      0 |   2883 |   3 | 1281.3 |
          Tomb |   2830 |   2688 |    142 |    572 |   1466 |   3 |  943.3 |
        Depths |  11630 |  10415 |   1215 |   2041 |   7257 |   4 | 2907.5 |
          Hell |   1059 |    787 |    272 |    136 |    499 |   1 | 1059.0 |
           Dis |   2736 |   2577 |    159 |   1151 |    462 |   7 |  390.9 |
       Gehenna |   1848 |   1719 |    129 |    356 |    797 |   7 |  264.0 |
       Cocytus |   2556 |   2521 |     35 |   1012 |    952 |   7 |  365.1 |
      Tartarus |   1529 |   1447 |     82 |    337 |    630 |   7 |  218.4 |
           Zot |   9814 |   9078 |    736 |   2143 |   5773 |   5 | 1962.8 |
         Abyss |   1351 |   1351 |      0 |     34 |    373 |   6 |  225.2 |
   Pandemonium |   6623 |   6623 |      0 |   1035 |   3433 |  12 |  551.9 |
      Ziggurat |    173 |    173 |      0 |    153 |      0 |   1 |  173.0 |
        Bailey |    781 |    781 |      0 |    459 |     16 |   1 |  781.0 |
      Ice Cave |    966 |    966 |      0 |    670 |    145 |   1 |  966.0 |
         Arena |     53 |     53 |      0 |     26 |      0 |   3 |   17.7 |
               +--------+--------+--------+--------+--------+-----+--------+

Top non-repeatable levels by time:
Depths:2: 4511 daAuts
Depths:4: 3879 daAuts
Vaults:5: 3682 daAuts
   Zot:3: 3179 daAuts
  Lair:5: 3126 daAuts
 Swamp:1: 3034 daAuts
Vaults:2: 3000 daAuts
   Elf:2: 2909 daAuts
     D:6: 2887 daAuts
     D:7: 2806 daAuts
Vaults:1: 2748 daAuts
Vaults:4: 2711 daAuts
  Lair:2: 2693 daAuts
Vaults:3: 2668 daAuts
    D:10: 2657 daAuts
